 Dungeon Crawl Stone Soup version bcrawl-1.38.1 (webtiles) character file.

Game seed: 10025651189922369182

120631 Berahthraban the Ducker (level 5, 38/38 HPs)
             Began as a Merfolk Transmuter on July 25, 2019.
             Got out of the dungeon alive.
             The game lasted 00:15:50 (3069 turns).

Berahthraban the Ducker (Merfolk Transmuter)        Turns: 3069, Time: 00:15:50

Health: 38/38      AC:  3    Str: 10    XL:     5   Next: 31%
Magic:  8/8        EV: 15    Int: 13    God:
Gold:   220        SH:  0    Dex: 15    Spells: 5/8 levels left

rFire    . . .     GDR:     27% a - +0 hunting sling
rCold    . . .     SeeInvis .   (no shield)
rNeg     . . .     Gourm    +   b - +0 robe
rPois    .         Faith    .   (no helmet)
rElec    .         Spirit   .   (no cloak)
rCorr    .         Reflect  .   (no gloves)
MR       .....                  s - +0 pair of boots
Stlth    +.........             v - amulet of the gourmand {Gourm,}
HPRegen  0.16/turn              (no ring)
MPRegen  0.11/turn              (no ring)

@: no status effects
A: change form in water, swift swim, stealthy swim
a: no special abilities


You escaped.
You were not hungry.

You visited 1 branch of the dungeon, and saw 3 of its levels.

You collected 220 gold pieces.

Inventory:

Hand Weapons
 a - a +0 hunting sling (weapon)
Missiles
 j - 422 arrows
 k - 1128 stones
 q - 68 sling bullets (quivered)
Armour
 b - a +0 robe (worn)
 s - a +0 pair of boots (worn)
Jewellery
 v - an amulet of the gourmand (around neck) {Gourm,}
Scrolls
 c - a scroll of enchant weapon {unknown}
 e - 2 scrolls of enchant armour {unknown}
 i - 4 scrolls of teleportation {unknown}
 n - 5 scrolls of identify {unknown}
 o - 3 scrolls of amnesia {unknown}
 p - a scroll of immolation {unknown}
 r - a scroll of fog {unknown}
 t - a scroll of remove curse {unknown}
 u - a scroll of noise {unknown}
 w - a scroll of blinking {unknown}
Potions
 d - a potion of lignification {!q}
 g - a potion of degeneration {unknown}
 l - a potion of brilliance
 m - a potion of heal wounds {unknown}
 H - a potion of haste
Comestibles
 f - 6 rations {!d}


   Skills:
 - Level 2.0 Fighting
 - Level 6.0 Dodging
 - Level 4.0 Unarmed Combat
 - Level 2.0 Spellcasting
 + Level 3.1 Transmutations


You had 5 spell levels left.
You knew the following spells:

 Your Spells              Type           Power        Failure   Level  Hunger
z - Beastly Appendage     Tmut           #.....       7%          1    None
Z - Sticks to Snakes      Tmut           #.......     11%         2    ##.....

Your spell library contained the following spells:

 Spells                   Type           Power        Failure   Level  Hunger
 Spider Form              Tmut/Pois      #..          38%         3    ####...
 Ice Form                 Ice/Tmut       #.......     80%         4    ######.
 Blade Hands              Tmut           #.........   89%         5    #######


Dungeon Overview and Level Annotations

Branches:
Dungeon (3/12)

Altars:

Annotations:
D:1 cleared
D:2 cleared, exclusion: downstairs
D:3 cleared


Message History

Your transformation is almost over.
Magic restored.
Your horns disappear.
There is a stone staircase leading up here.
You climb upwards.
Level annotation: cleared, exclusion: downstairs
There is a stone staircase leading down here.
There is a stone staircase leading up here.
You climb upwards.
Level annotation: cleared
There is a stone staircase leading down here.
You see here a ring mail.
Your legs become a tail as you enter the water.
Your +0 pair of boots melds into your body.
Your +0 pair of boots unmelds from your body.
There is a staircase leading out of the dungeon here.
Are you sure you want to leave the Dungeon?
This will make you lose the game!
Uppercase [Y]es or [N]o only, please.
Are you sure you want to leave the Dungeon?
This will make you lose the game!
You have escaped!

#.......#############.####'#
######................# #.#
#..#.#.#.#.##########.#
#...#.#.#.#.#.........#
#.##.#.#.#.##.#########
#.#.#.#.#.#.#.# #......
#>.#.≈≈≈≈≈.##.# #.#####
##..#≈...≈#...###.#
#.#.≈@..≈.#..[...#
#..#≈...≈#.##.#.##
#.#.≈≈≈≈≈.###.#..#
#..#.#.#.#.##.##.#
#.#.#.#.#.###.##.##
#..#.#.#.#.##.##..#
#.#.#.#.#.###.###.##
#.............# #..#
############### ##.##


There were no monsters in sight!

Vanquished Creatures
  An orc wizard (D:3)
  2 adders (D:3)
  3 dart slugs
  3 leopard geckos
  7 orcs (D:3)
  6 bats
  5 giant cockroaches
  11 goblins
  9 hobgoblins
  5 jackals
  A quokka (D:2)
  8 frilled lizards
  11 kobolds
  13 rats
85 creatures vanquished.

Vanquished Creatures (collateral kills)
  A worm (D:2)
  A giant cockroach (D:3)
  A jackal (D:1)
3 creatures vanquished.

Grand Total: 88 creatures vanquished

Notes
Turn   | Place    | Note
-------+----------+-------------------------------------------
     0 | D:1      | Berahthraban the Merfolk Transmuter began the quest for the
                  | Orb.
     0 | D:1      | Reached XP level 1. HP: 15/15 MP: 3/3
   269 | D:1      | Reached XP level 2. HP: 21/21 MP: 3/5
   273 | D:1      | Learned a level 2 spell: Sticks to Snakes
   325 | D:1      | Reached skill level 3 in Dodging
   604 | D:1      | Reached XP level 3. HP: 21/27 MP: 0/6
  1268 | D:2      | Reached skill level 4 in Dodging
  1320 | D:2      | Reached XP level 4. HP: 30/33 MP: 5/7
  2098 | D:3      | Reached skill level 5 in Dodging
  2133 | D:3      | HP: 8/33 [something (5)]
  2150 | D:3      | HP: 4/33 [orc wizard/magic dart (5)]
  2421 | D:3      | Reached XP level 5. HP: 38/38 MP: 8/8
  2595 | D:3      | Reached skill level 6 in Dodging
  2969 | D:3      | Upgraded the game from bcrawl-1.13 to bcrawl-1.13.4
  2969 | D:3      | Upgraded the game from bcrawl-1.13.4 to bcrawl-1.38.1
  3069 | D:$      | Got out of the dungeon alive.

Skill      XL: |  1  2  3  4  5 |
---------------+----------------+-----
Dodging        | 3 4 5 6 |  6.0
Transmutations | 3 |  3.1
Fighting       | 2 |  2.0
Unarmed Combat | 4 |  4.0
Spellcasting   | |  2.0

Action                   |  1- 3 |  4- 6 || total
-------------------------+-------+-------++-------
Melee: Unarmed           |    75 |    68 ||   143
       Headbutt          |     7 |     5 ||    12
       Punch             |     1 |     1 ||     2
 Fire: Hunting sling     |    38 |    68 ||   106
Throw: Stone             |       |     1 ||     1
 Cast: Beastly Appendage |    18 |    11 ||    29
       Sticks to Snakes  |     4 |     4 ||     8
  Use: Potion            |       |     3 ||     3
 Stab: Distracted        |     1 |     1 ||     2
       Sleeping          |     1 |       ||     1
  Eat: Chunk             |     2 |    10 ||    12
Armor: Robe              |    10 |     9 ||    19
Dodge: Dodged            |    60 |    52 ||   112
